AoeStats
← 150490644@

Arena

507756120Analyzed
1v1 RM · 13d ago on Sep 19, 2026· 26m 35s· 2 players
Game mode
Random Map
Map size
Tiny (2 player)
Population
200
Speed
Normal
Resources
Standard
Victory
Conquest
Starting age
Dark Age
Ending age
Imperial Age
RankedLock teamsTeams togetherTeam positionsShared explorationLock speedFull tech treeHidden civsTurbo modeCheats
Victory
Defeat
🇹🇷 Japanese · Türkiye
1017
+14
🇮🇹 Franks · Italy
979
-14
150490644@
11:34 Feudal Age
13:04 Wheelbarrow
12:20 Double-Bit Axe
16:10 Castle Age
15:46 Wheelbarrow
bıyık
11:48 Feudal Age
10:04 Loom
16:59 Castle Age
16:37 Fletching
23:27 Double-Bit Axe
25:26 Bodkin Arrow
26:11 Horse Collar
Connection lost

Rejoining the realm…

Still unreachable

The connection could not be restored.

Session expired

The server has moved on; the page needs a fresh start.